[Event "FIDE Chesscom Grand Swiss 2019"]
[Site "Douglas-Isle of Man"]
[Date "2019.10.12"]
[Round "3.1"]
[White "Shirov, Alexei"]
[Black "Caruana, Fabiano"]
[Result "0-1"]
[ECO "B90"]
[WhiteElo "2664"]
[BlackElo "2812"]
[Annotator "RC"]
[PlyCount "104"]
[EventDate "2019.10.10"]
[EventType "swiss"]
[EventCountry "GBR"]
[SourceTitle "playchess.com"]
[Source "ChessBase"]
[SourceQuality "1"]
[TimeControl "40/6000+30:20/3000+30:900+30"]

1. e4 c5 2. Nf3 d6 3. d4 cxd4 4. Nxd4 Nf6 5. Nc3 a6 6. Be3 Ng4 7. Bc1 Nf6 8. Be3 e5 9. Nb3 Be7 10. f3 Be6 11. Qd2 Nbd7 12. g4 O-O 13. g5 Nh5 14. Rg1 b5 15. Nd5 Bxd5 16. exd5 f5 17. h4 Qe8 18. O-O-O Bd8 19. Na5 Bb6 20. Nc6 Nf4 21. Bxb6 Nxb6 22. Qb4 Qd7 23. c4 Kh8 24. Kb1 Rae8 25. cxb5 Nbxd5 26. Qb3 e4 27. Rxd5 Nxd5 28. Qxd5 exf3 29. Qd2 Re4 30. Rg3 Qe6 31. Bd3 Re3 32. Rg1 f2 33. Rc1 axb5 34. Nb4 Rf3 35. Bxb5 Qe4+ 36. Nc2 Rc8 37. Ba6 d5 38. a3 d4 39. Bxc8 f1=Q 40. Rxf1 Rxf1+ 41. Ka2 d3 42. Ne3 Rf3 43. Bxf5 Qxe3 44. Qa5 Qe8 45. Qd5 Qg8 46. Be6 Qf8 47. h5 Re3 48. g6 d2 49. Bf7 Re2 50. Qd3 Rh2 51. Qf3 Rg2 52. Qd3 Qb8 0-1

[Event "FIDE Chesscom Grand Swiss 2019"]
[Site "Douglas-Isle of Man"]
[Date "2019.10.12"]
[Round "3.4"]
[White "Kamsky, Gata"]
[Black "Gonzalez Vidal, Yuri"]
[Result "1-0"]
[ECO "A03"]
[WhiteElo "2685"]
[BlackElo "2552"]
[Annotator "RC"]
[PlyCount "111"]
[EventDate "2019.10.10"]
[EventType "swiss"]
[EventCountry "GBR"]
[SourceTitle "playchess.com"]
[Source "ChessBase"]
[SourceQuality "1"]
[TimeControl "40/6000+30:20/3000+30:900+30"]

1. g3 Nf6 2. Bg2 d5 3. f4 g6 4. Nf3 Bg7 5. d3 c5 6. O-O Nc6 7. c3 O-O 8. Na3 Rb8 9. Ne5 Nxe5 10. fxe5 Ne8 11. d4 Nc7 12. dxc5 Bxe5 13. Bh6 Re8 14. Nc2 Bh8 15. Qd2 e5 16. Rad1 Qe7 17. Nb4 Be6 18. Nxd5 Nxd5 19. Bxd5 Qxc5+ 20. Be3 Qxd5 21. Qxd5 Bxd5 22. Rxd5 Red8 23. Rfd1 Rxd5 24. Rxd5 b6 25. Rd7 a5 26. a4 Bf6 27. Kf2 Kg7 28. Kf3 h5 29. h3 Kf8 30. Rd5 Bd8 31. Rxe5 Bc7 32. Bh6+ Kg8 33. Rd5 Kh7 34. Be3 Kg7 35. Bd4+ Kf8 36. Bf6 Re8 37. e4 Re6 38. e5 Ke8 39. Ke4 Rc6 40. Kd4 Kf8 41. g4 hxg4 42. hxg4 Ke8 43. g5 Kf8 44. c4 Ke8 45. Kc3 Rc5 46. b4 axb4+ 47. Kxb4 Ra5 48. Rd3 Ra8 49. Rd4 Ra5 50. Rd5 Rc5 51. Rxc5 bxc5+ 52. Kxc5 Kd7 53. Kb5 Bb8 54. Kb6 Kc8 55. Kc6 Bc7 56. c5 1-0

[Event "FIDE Chesscom Grand Swiss 2019"]
[Site "Douglas-Isle of Man"]
[Date "2019.10.12"]
[Round "3.14"]
[White "Keymer, Vincent"]
[Black "Sjugirov, Sanan"]
[Result "1-0"]
[ECO "A41"]
[WhiteElo "2506"]
[BlackElo "2662"]
[Annotator "RC"]
[PlyCount "105"]
[EventDate "2019.10.10"]
[EventType "swiss"]
[EventCountry "GBR"]
[SourceTitle "playchess.com"]
[Source "ChessBase"]
[SourceQuality "1"]
[TimeControl "40/6000+30:20/3000+30:900+30"]

1. d4 g6 2. c4 Bg7 3. Nf3 d6 4. g3 c5 5. d5 b5 6. cxb5 Qa5+ 7. Nc3 a6 8. b6 Qxb6 9. Nd2 Nf6 10. Bg2 O-O 11. O-O Nbd7 12. b3 a5 13. Nc4 Qa6 14. Na4 Ng4 15. Bb2 Bxb2 16. Naxb2 Nge5 17. Nxe5 Nxe5 18. f4 Nd7 19. Rc1 Nb6 20. a4 Bg4 21. Rf2 Rfc8 22. h3 Bd7 23. e4 Qa7 24. f5 f6 25. h4 Kg7 26. g4 Rf8 27. g5 Rf7 28. Nd3 c4 29. Nf4 cxb3 30. Qxb3 Nxa4 31. Qg3 fxg5 32. Qxg5 Raf8 33. Rcf1 Bxf5 34. exf5 Rxf5 35. Ne6+ Kg8 36. Nxf8 Rxg5 37. hxg5 Qe3 38. Kh1 Nc5 39. Nxh7 Nd7 40. Nf8 Nc5 41. Nxg6 Qxg5 42. Rf8+ Kg7 43. R1f7+ Kxg6 44. Rg8+ Kxf7 45. Rxg5 Kf6 46. Rh5 a4 47. Bf1 Ne4 48. Kg2 Nc3 49. Bc4 a3 50. Kf3 e6 51. dxe6 d5 52. Rxd5 a2 53. Ra5 1-0

[Event "FIDE Chesscom Grand Swiss 2019"]
[Site "Douglas-Isle of Man"]
[Date "2019.10.12"]
[Round "3.15"]
[White "Kovalev, Vladislav"]
[Black "Gavrilescu, David"]
[Result "1-0"]
[ECO "C07"]
[WhiteElo "2661"]
[BlackElo "2451"]
[Annotator "RC"]
[PlyCount "301"]
[EventDate "2019.10.10"]
[EventType "swiss"]
[EventCountry "GBR"]
[SourceTitle "playchess.com"]
[Source "ChessBase"]
[SourceQuality "1"]
[TimeControl "40/6000+30:20/3000+30:900+30"]

1. e4 e6 2. d4 d5 3. Nd2 c5 4. Ngf3 cxd4 5. Nxd4 Nc6 6. Bb5 Bd7 7. Nxc6 bxc6 8. Bd3 Qc7 9. Qe2 Ne7 10. O-O Ng6 11. Nf3 Bd6 12. Re1 Nf4 13. Bxf4 Bxf4 14. g3 Bd6 15. exd5 cxd5 16. Rac1 Rd8 17. c4 dxc4 18. Rxc4 Qb6 19. Ne5 g6 20. Rc3 O-O 21. Nc4 Qb8 22. Nxd6 Qxd6 23. Qe5 Bc6 24. Qxd6 Rxd6 25. Rec1 Rfd8 26. Rxc6 Rxc6 27. Rxc6 Rxd3 28. Ra6 Rd7 29. Kg2 Kg7 30. b4 Kf6 31. Kf3 Kf5 32. g4+ Kg5 33. Kg3 Kf6 34. h4 h5 35. g5+ Kf5 36. Ra5+ Ke4 37. f3+ Ke3 38. a3 Rd5 39. Rc5 Rf5 40. Rc3+ Kd4 41. Rc1 Ke3 42. Re1+ Kd3 43. a4 a6 44. Rc1 Ke3 45. Rc3+ Kd4 46. Rc6 Ke3 47. f4 Rxf4 48. Rc3+ Kd4 49. Kxf4 e5+ 50. Kf3 Kxc3 51. Ke4 Kxb4 52. Kxe5 Kxa4 53. Kf6 Kb4 54. Kxf7 a5 55. Kxg6 a4 56. Kxh5 a3 57. g6 a2 58. g7 a1=Q 59. g8=Q Qe5+ 60. Qg5 Qe8+ 61. Kg4 Qe2+ 62. Kf5 Qc2+ 63. Kf6 Qc6+ 64. Kf7 Qc4+ 65. Kg7 Qc7+ 66. Kg6 Qd6+ 67. Qf6 Qg3+ 68. Kf7 Qd3 69. Qf4+ Ka3 70. Kg7 Qd7+ 71. Kg6 Qe8+ 72. Kg5 Qg8+ 73. Kf5 Qf7+ 74. Kg4 Qg6+ 75. Kf3 Ka2 76. Qa4+ Kb2 77. Qd4+ Ka2 78. Qd5+ Ka1 79. h5 Qf6+ 80. Kg4 Qg7+ 81. Kf5 Qh7+ 82. Kf4 Qh6+ 83. Ke4 Qh7+ 84. Kf3 Qh6 85. Qd4+ Ka2 86. Qf2+ Ka1 87. Qg1+ Kb2 88. Qf2+ Ka1 89. Qe1+ Ka2 90. Qe2+ Kb1 91. Qe4+ Ka1 92. Qe5+ Ka2 93. Kg4 Qh7 94. Qe6+ Ka1 95. h6 Qb7 96. Qe5+ Ka2 97. Qe6+ Ka3 98. Qe3+ Ka2 99. Qf2+ Ka1 100. Kg5 Qd5+ 101. Qf5 Qg8+ 102. Kh4 Qd8+ 103. Kh3 Qb6 104. h7 Qe3+ 105. Kh4 Qe1+ 106. Kh5 Qh1+ 107. Kg6 Qg2+ 108. Kf6 Qc6+ 109. Kg7 Qc7+ 110. Qf7 Qg3+ 111. Qg6 Qc7+ 112. Kh8 Ka2 113. Kg8 Qd8+ 114. Kg7 Qd4+ 115. Qf6 Qg4+ 116. Kf8 Qc8+ 117. Kf7 Qd7+ 118. Qe7 Qf5+ 119. Kg7 Qg4+ 120. Kf8 Qc8+ 121. Kg7 Qg4+ 122. Kh6 Qh3+ 123. Kg5 Qg3+ 124. Kf5 Qf3+ 125. Kg6 Qd3+ 126. Kg7 Qg3+ 127. Kf8 Qb8+ 128. Kf7 Qf4+ 129. Qf6 Qc7+ 130. Kg6 Qg3+ 131. Qg5 Qd6+ 132. Kf7 Qd7+ 133. Kg8 Qe8+ 134. Kg7 Qd7+ 135. Kh8 Ka3 136. Qe3+ Ka4 137. Qe4+ Kb3 138. Kg8 Qd8+ 139. Kf7 Qd7+ 140. Kf6 Qd8+ 141. Kf5 Qf8+ 142. Kg4 Qg7+ 143. Kf3 Qf6+ 144. Ke2 Qb2+ 145. Ke3 Qc1+ 146. Kf2 Qb2+ 147. Qe2 Qh8 148. Qd3+ Kb2 149. Ke2 Qg7 150. Qe4 Kc1 151. Qh1+ 1-0

[Event "FIDE Chesscom Grand Swiss 2019"]
[Site "Douglas-Isle of Man"]
[Date "2019.10.12"]
[Round "3.18"]
[White "Erenberg, Ariel"]
[Black "Mamedov, Rauf"]
[Result "0-1"]
[ECO "D51"]
[WhiteElo "2463"]
[BlackElo "2645"]
[Annotator "RC"]
[PlyCount "76"]
[EventDate "2019.10.10"]
[EventType "swiss"]
[EventCountry "GBR"]
[SourceTitle "playchess.com"]
[Source "ChessBase"]
[SourceQuality "1"]
[TimeControl "40/6000+30:20/3000+30:900+30"]

1. d4 Nf6 2. c4 e6 3. Nf3 d5 4. Nc3 Nbd7 5. Bg5 h6 6. Bh4 c6 7. e3 g5 8. Bg3 Nh5 9. Bd3 Nxg3 10. hxg3 g4 11. Nd2 Nf6 12. Qc2 Bd7 13. e4 dxe4 14. Bxe4 Nxe4 15. Qxe4 Qg5 16. c5 f5 17. Qe2 Bg7 18. Nc4 O-O 19. Rd1 Rad8 20. O-O h5 21. Nd6 b6 22. Qd3 h4 23. Ne2 hxg3 24. fxg3 Rb8 25. b3 bxc5 26. dxc5 e5 27. Qc4+ Kh7 28. Rf2 Qh5 29. Nc3 Rf6 30. Kf1 Be6 31. Qa6 e4 32. Ncxe4 fxe4 33. Rxf6 Bxf6 34. Qxa7+ Bg7 35. Qxb8 Qh1+ 36. Ke2 Qxg2+ 37. Ke3 Qf3+ 38. Kd2 Qf2+ 0-1

[Event "FIDE Chesscom Grand Swiss 2019"]
[Site "Douglas-Isle of Man"]
[Date "2019.10.12"]
[Round "3.19"]
[White "Riazantsev, Alexander"]
[Black "Atalik, Ekaterina"]
[Result "1-0"]
[ECO "D30"]
[WhiteElo "2645"]
[BlackElo "2464"]
[Annotator "RC"]
[PlyCount "73"]
[EventDate "2019.10.10"]
[EventType "swiss"]
[EventCountry "GBR"]
[SourceTitle "playchess.com"]
[Source "ChessBase"]
[SourceQuality "1"]
[TimeControl "40/6000+30:20/3000+30:900+30"]

1. d4 Nf6 2. c4 e6 3. Nf3 d5 4. Qc2 dxc4 5. e3 a6 6. Bxc4 b5 7. Be2 Bb7 8. a4 b4 9. O-O Nbd7 10. Nbd2 c5 11. b3 Rc8 12. Nc4 Be7 13. Bb2 O-O 14. Rfd1 Qc7 15. Rac1 Rfd8 16. Qb1 Be4 17. Qa1 Qb7 18. Ne1 Bd5 19. f3 Qa7 20. e4 Bxc4 21. Rxc4 a5 22. Kh1 Qb8 23. Rdc1 cxd4 24. Bxd4 Rxc4 25. Rxc4 Bd6 26. Nd3 Ne8 27. g3 Bc7 28. Kg2 h5 29. Qc1 Nb6 30. Rxc7 Rxd4 31. Rc5 Qd8 32. Qe3 h4 33. Rxa5 hxg3 34. hxg3 Nc4 35. bxc4 Rxd3 36. Qxd3 Qxa5 37. Bd1 1-0

[Event "FIDE Chesscom Grand Swiss 2019"]
[Site "Douglas-Isle of Man"]
[Date "2019.10.12"]
[Round "3.20"]
[White "Zvjaginsev, Vadim"]
[Black "Sebag, Marie"]
[Result "1/2-1/2"]
[ECO "A07"]
[WhiteElo "2644"]
[BlackElo "2445"]
[Annotator "RC"]
[PlyCount "93"]
[EventDate "2019.10.10"]
[EventType "swiss"]
[EventCountry "GBR"]
[SourceTitle "playchess.com"]
[Source "ChessBase"]
[SourceQuality "1"]
[TimeControl "40/6000+30:20/3000+30:900+30"]

1. Nf3 d5 2. g3 g6 3. Bg2 Bg7 4. O-O e5 5. d3 Ne7 6. c4 c6 7. Nc3 O-O 8. Bd2 h6 9. Qb3 Na6 10. cxd5 cxd5 11. Rac1 Nc5 12. Qa3 b6 13. Rfd1 Bb7 14. Be1 d4 15. Ne4 Nxe4 16. dxe4 Re8 17. b4 Nc8 18. Nd2 Nd6 19. Nc4 Nxe4 20. Qd3 f5 21. Nd2 Nd6 22. Bxb7 Nxb7 23. Rc6 Kh7 24. Rdc1 Nd6 25. e4 f4 26. Nf3 Rc8 27. b5 Rxc6 28. bxc6 fxg3 29. hxg3 Re7 30. Kg2 Rc7 31. Bb4 Qf6 32. Bxd6 Qxd6 33. Qc4 Qf6 34. Qd5 h5 35. a4 g5 36. Ne1 g4 37. Kg1 Bf8 38. Nd3 Bd6 39. a5 Rg7 40. axb6 axb6 41. c7 Rxc7 42. Rxc7+ Bxc7 43. Qd7+ Qg7 44. Qe6 Qg6 45. Qd7+ Qg7 46. Qe6 Qg6 47. Qd7+ 1/2-1/2

[Event "FIDE Chesscom Grand Swiss 2019"]
[Site "Douglas-Isle of Man"]
[Date "2019.10.12"]
[Round "3.21"]
[White "Fedoseev, Vladimir"]
[Black "Abdusattorov, Nodirbek"]
[Result "1-0"]
[ECO "D37"]
[WhiteElo "2664"]
[BlackElo "2608"]
[Annotator "RC"]
[PlyCount "129"]
[EventDate "2019.10.10"]
[EventType "swiss"]
[EventCountry "GBR"]
[SourceTitle "playchess.com"]
[Source "ChessBase"]
[SourceQuality "1"]
[TimeControl "40/6000+30:20/3000+30:900+30"]

1. d4 Nf6 2. c4 e6 3. Nf3 d5 4. Nc3 Be7 5. Bf4 O-O 6. e3 Nbd7 7. cxd5 Nxd5 8. Nxd5 exd5 9. Bd3 c5 10. dxc5 Nxc5 11. O-O Nxd3 12. Qxd3 Bg4 13. Rac1 Bxf3 14. gxf3 Bf6 15. Rc7 d4 16. e4 b6 17. Rd1 Re8 18. Qc4 Re7 19. Rxe7 Qxe7 20. e5 Bg5 21. Rxd4 Bxf4 22. Rxf4 Rf8 23. Re4 Qg5+ 24. Kf1 Qf5 25. Qd3 g6 26. f4 Rc8 27. h3 Rc1+ 28. Kg2 Qc8 29. Rd4 Qc6+ 30. Qe4 Qxe4+ 31. Rxe4 Rc2 32. Rb4 f6 33. a4 Kf7 34. Kg3 Ke6 35. Rb5 fxe5 36. Rxe5+ Kf6 37. b4 Rc3+ 38. f3 Ra3 39. a5 bxa5 40. bxa5 Ra1 41. Rc5 Rg1+ 42. Kf2 Ra1 43. h4 h6 44. Kg2 Ra2+ 45. Kg3 Ra1 46. h5 gxh5 47. Rxh5 Kg6 48. Rc5 Rg1+ 49. Kf2 Ra1 50. Rc6+ Kf5 51. Rxh6 Kxf4 52. Rf6+ Ke5 53. Ra6 Kf4 54. Ke2 Ra2+ 55. Kd3 Kxf3 56. Rxa7 Kf4 57. Kd4 Kf5 58. Ra6 Rd2+ 59. Kc5 Ra2 60. Kd5 Rd2+ 61. Kc6 Ke6 62. Kc7+ Ke7 63. Rc6 Rd7+ 64. Kb8 Rd8+ 65. Kb7 1-0

[Event "FIDE Chesscom Grand Swiss 2019"]
[Site "Douglas-Isle of Man"]
[Date "2019.10.12"]
[Round "3.21"]
[White "Danielian, Elina"]
[Black "Hovhannisyan, Robert"]
[Result "0-1"]
[ECO "D47"]
[WhiteElo "2385"]
[BlackElo "2639"]
[Annotator "RC"]
[PlyCount "56"]
[EventDate "2019.10.10"]
[EventType "swiss"]
[EventCountry "GBR"]
[SourceTitle "playchess.com"]
[Source "ChessBase"]
[SourceQuality "1"]
[TimeControl "40/6000+30:20/3000+30:900+30"]

1. d4 d5 2. c4 e6 3. Nc3 Nf6 4. Nf3 c6 5. e3 Nbd7 6. Bd3 dxc4 7. Bxc4 b5 8. Bd3 Bd6 9. Bd2 Bb7 10. Rc1 O-O 11. O-O Rc8 12. Ne2 c5 13. Bxb5 cxd4 14. Rxc8 Qxc8 15. Nexd4 Ne5 16. Be2 Ne4 17. Nxe5 Bxe5 18. Ba5 Bd5 19. Qa4 Qb8 20. f4 Bf6 21. Qb4 Bxa2 22. Nc6 Qa8 23. Ne7+ Bxe7 24. Qxe7 Bd5 25. Qb4 Qc6 26. Qd4 Nd6 27. Bc3 Nf5 28. Qxa7 Ra8 0-1

[Event "FIDE Chesscom Grand Swiss 2019"]
[Site "Douglas-Isle of Man"]
[Date "2019.10.12"]
[Round "3.22"]
[White "Soumya, Swaminathan"]
[Black "Kuzubov, Yuriy"]
[Result "0-1"]
[ECO "C42"]
[WhiteElo "2365"]
[BlackElo "2636"]
[Annotator "RC"]
[PlyCount "90"]
[EventDate "2019.10.10"]
[EventType "swiss"]
[EventCountry "GBR"]
[SourceTitle "playchess.com"]
[Source "ChessBase"]
[SourceQuality "1"]
[TimeControl "40/6000+30:20/3000+30:900+30"]

1. e4 e5 2. Nf3 Nf6 3. Nxe5 d6 4. Nf3 Nxe4 5. c4 g6 6. d4 Bg7 7. Bd3 Nf6 8. O-O O-O 9. d5 c6 10. Nc3 cxd5 11. cxd5 Bg4 12. h3 Bxf3 13. Qxf3 Nbd7 14. Qd1 Re8 15. Bg5 h6 16. Bh4 Qb6 17. Rb1 Nc5 18. Bb5 Re7 19. Qf3 g5 20. Bg3 a6 21. Bd3 Rae8 22. Bc2 Nce4 23. Rfd1 Nxg3 24. Qxg3 Re5 25. Qf3 Qb4 26. g3 h5 27. Kg2 b5 28. a4 Kf8 29. axb5 axb5 30. Qd3 Rc8 31. Qf1 g4 32. hxg4 Nxg4 33. Rd2 Rc4 34. Bd3 Rd4 35. Rbd1 h4 36. Bxb5 Rxd2 37. Rxd2 Rf5 38. Qb1 h3+ 39. Kg1 Bxc3 40. Qxf5 Bxd2 41. Be2 h2+ 42. Kg2 h1=Q+ 43. Kxh1 Qe4+ 44. Qxe4 Nxf2+ 45. Kg2 Nxe4 0-1

[Event "FIDE Chesscom Grand Swiss 2019"]
[Site "Douglas-Isle of Man"]
[Date "2019.10.12"]
[Round "3.23"]
[White "Dahl, Baard"]
[Black "Mareco, Sandro"]
[Result "0-1"]
[ECO "B42"]
[WhiteElo "2067"]
[BlackElo "2634"]
[Annotator "RC"]
[PlyCount "100"]
[EventDate "2019.10.10"]
[EventType "swiss"]
[EventCountry "GBR"]
[SourceTitle "playchess.com"]
[Source "ChessBase"]
[SourceQuality "1"]
[TimeControl "40/6000+30:20/3000+30:900+30"]

1. e4 c5 2. Nf3 e6 3. d4 cxd4 4. Nxd4 a6 5. Bd3 Bc5 6. Nb3 Be7 7. Qg4 g6 8. Qe2 d6 9. O-O Nd7 10. c4 b6 11. Be3 Bb7 12. Nc3 Ngf6 13. Rac1 O-O 14. f3 Qc7 15. Qf2 Rfe8 16. Rfd1 Rac8 17. Bf1 h5 18. Nd4 Qb8 19. b3 Bd8 20. Nde2 Nh7 21. Nf4 Bc7 22. g3 Ba8 23. Bh3 Rcd8 24. Nd3 Nhf6 25. Nb4 Bb7 26. Kh1 Nh7 27. Rd2 Nc5 28. Rcd1 g5 29. Bg2 Rf8 30. Nd3 Nd7 31. h4 d5 32. cxd5 Bxg3 33. Qg1 exd5 34. exd5 Bxh4 35. Nf2 f5 36. Nh3 Rf7 37. Bf1 g4 38. Nf4 Ne5 39. Be2 Ng5 40. Rf1 Re8 41. Ng2 Nh3 42. Qh2 Bf6 43. fxg4 fxg4 44. Ne4 Qd8 45. Bd4 Bg7 46. Rxf7 Nxf7 47. Bxg7 Kxg7 48. Ng3 Qg5 49. Rd4 Bxd5 50. Nxh5+ Qxh5 0-1

[Event "FIDE Chesscom Grand Swiss 2019"]
[Site "Douglas-Isle of Man"]
[Date "2019.10.12"]
[Round "3.25"]
[White "Sadhwani, Raunak"]
[Black "Ganguly, Surya Shekhar"]
[Result "1/2-1/2"]
[ECO "A29"]
[WhiteElo "2479"]
[BlackElo "2658"]
[Annotator "RC"]
[PlyCount "56"]
[EventDate "2019.10.10"]
[EventType "swiss"]
[EventCountry "GBR"]
[SourceTitle "playchess.com"]
[Source "ChessBase"]
[SourceQuality "1"]
[TimeControl "40/6000+30:20/3000+30:900+30"]

1. c4 Nf6 2. Nc3 e5 3. Nf3 Nc6 4. g3 d5 5. cxd5 Nxd5 6. Bg2 Nb6 7. O-O Be7 8. a3 O-O 9. b4 Be6 10. Rb1 f6 11. d3 Nd4 12. Nd2 c6 13. Nde4 Bf7 14. Nc5 Qc7 15. e3 Ne6 16. N3e4 Nxc5 17. bxc5 Nd7 18. d4 b6 19. Qc2 bxc5 20. dxe5 Nxe5 21. Nxc5 Bc4 22. Rb7 Qd6 23. Ne4 Qe6 24. f4 Bd3 25. Qa4 Bb5 26. Qc2 Bd3 27. Qa4 Bb5 28. Qc2 Bd3 1/2-1/2

[Event "FIDE Chesscom Grand Swiss 2019"]
[Site "Douglas-Isle of Man"]
[Date "2019.10.12"]
[Round "3.29"]
[White "Saduakassova, Dinara"]
[Black "Alekseev, Evgeny"]
[Result "1/2-1/2"]
[ECO "A40"]
[WhiteElo "2481"]
[BlackElo "2629"]
[Annotator "RC"]
[PlyCount "60"]
[EventDate "2019.10.10"]
[EventType "swiss"]
[EventCountry "GBR"]
[SourceTitle "playchess.com"]
[Source "ChessBase"]
[SourceQuality "1"]
[TimeControl "40/6000+30:20/3000+30:900+30"]

1. d4 e6 2. c4 b6 3. e4 Bb7 4. Bd3 Nc6 5. Ne2 Nb4 6. Nbc3 Nxd3+ 7. Qxd3 g6 8. Be3 Bg7 9. d5 Nf6 10. O-O-O Ng4 11. f4 Nxe3 12. Qxe3 exd5 13. exd5+ Qe7 14. Qxe7+ Kxe7 15. Nd4 Rhc8 16. Kc2 Kf8 17. Nf3 a6 18. Rhe1 Re8 19. b3 Rxe1 20. Rxe1 Re8 21. Rxe8+ Kxe8 22. Kd3 Ke7 23. Nd4 f5 24. b4 Kf6 25. c5 Bf8 26. Nb3 Ke7 27. g3 Kd8 28. a3 Kc8 29. Kc4 Kd8 30. Kd3 Kc8 {[%emt 0:00:14] Ke4} 1/2-1/2

[Event "FIDE Chesscom Grand Swiss 2019"]
[Site "Douglas-Isle of Man"]
[Date "2019.10.12"]
[Round "3.30"]
[White "Bachmann, Axel"]
[Black "Lei, Tingjie"]
[Result "1/2-1/2"]
[ECO "A13"]
[WhiteElo "2629"]
[BlackElo "2469"]
[Annotator "RC"]
[PlyCount "114"]
[EventDate "2019.10.10"]
[EventType "swiss"]
[EventCountry "GBR"]
[SourceTitle "playchess.com"]
[Source "ChessBase"]
[SourceQuality "1"]
[TimeControl "40/6000+30:20/3000+30:900+30"]

1. Nf3 d5 2. e3 Nf6 3. c4 e6 4. b3 b6 5. Bb2 Bd6 6. Nc3 a6 7. cxd5 exd5 8. d4 Nbd7 9. g3 O-O 10. Bg2 Re8 11. O-O Bb7 12. Rc1 Rc8 13. Ne2 c5 14. dxc5 bxc5 15. Rc2 a5 16. Nf4 a4 17. Nh4 axb3 18. axb3 Bxf4 19. gxf4 Qb6 20. Nf5 Rb8 21. b4 Qxb4 22. Nd6 Re6 23. Nxb7 Qxb7 24. Bxf6 Nxf6 25. Rxc5 Qb4 26. Qc2 Rd6 27. Rd1 h6 28. Bxd5 Rbd8 29. Rb1 Qa3 30. Bf3 Qa6 31. Rc7 Nd5 32. Rcb7 Nf6 33. Be2 Qc6 34. Qxc6 Rxc6 35. R1b4 Rc2 36. Rb8 Rcd2 37. Bf3 g6 38. R8b7 Kg7 39. h4 h5 40. Rc4 R8d7 41. Rxd7 Nxd7 42. Rc7 Nf6 43. Rc5 Nd7 44. Rg5 Kf6 45. f5 gxf5 46. Bxh5 Ne5 47. Rg2 Ng6 48. Rh2 f4 49. e4 Ne5 50. Kg2 Rd4 51. Bf3 Rd3 52. Rh3 Kg6 53. Bg4 Rxh3 54. Kxh3 Kh6 55. Bd1 Kg6 56. Kg2 Kh6 57. Kg1 Ng6 1/2-1/2

[Event "FIDE Chesscom Grand Swiss 2019"]
[Site "Douglas-Isle of Man"]
[Date "2019.10.12"]
[Round "3.31"]
[White "Parligras, Mircea-Emilian"]
[Black "Ushenina, Anna"]
[Result "1-0"]
[ECO "A17"]
[WhiteElo "2629"]
[BlackElo "2431"]
[Annotator "RC"]
[PlyCount "121"]
[EventDate "2019.10.10"]
[EventType "swiss"]
[EventCountry "GBR"]
[SourceTitle "playchess.com"]
[Source "ChessBase"]
[SourceQuality "1"]
[TimeControl "40/6000+30:20/3000+30:900+30"]

1. Nf3 Nf6 2. c4 e6 3. Nc3 d5 4. e3 dxc4 5. Bxc4 a6 6. O-O c5 7. b3 Nc6 8. Bb2 Be7 9. Qc2 b6 10. Rfd1 Bb7 11. a3 Rc8 12. Ne4 Nxe4 13. Qxe4 Na5 14. Qg4 Bf6 15. Bxf6 Qxf6 16. Be2 Nc6 17. d4 cxd4 18. Nxd4 Ne5 19. Qf4 Qxf4 20. exf4 Nd7 21. a4 Ke7 22. f5 e5 23. f6+ Kxf6 24. Nf5 Rcd8 25. Nd6 Ba8 26. Bxa6 Nc5 27. Bc4 Ne6 28. b4 Rhf8 29. Bxe6 Kxe6 30. Nc4 b5 31. axb5 Rxd1+ 32. Rxd1 Bd5 33. Nb6 Bb3 34. Rd3 Rb8 35. Nd7 Bc4 36. Nxb8 Bxd3 37. b6 Be4 38. Na6 Kd6 39. Nc5 Bd5 40. f3 f6 41. Kf2 Kc6 42. b7 Kc7 43. Ke3 Bxb7 44. Ne6+ Kd6 45. Nxg7 Kd5 46. b5 Kc5 47. g4 Bc8 48. Ne8 f5 49. g5 Bd7 50. Nf6 Bxb5 51. f4 Kd6 52. Nxh7 Ke6 53. h4 e4 54. h5 Kf7 55. Nf6 Ba4 56. Kd4 Bd1 57. h6 Ba4 58. Nd5 Bd7 59. Ne7 Be6 60. g6+ Kf6 61. g7 1-0

[Event "FIDE Chesscom Grand Swiss 2019"]
[Site "Douglas-Isle of Man"]
[Date "2019.10.12"]
[Round "3.32"]
[White "Akobian, Varuzhan"]
[Black "Rakotomaharo, Fy Antenaina"]
[Result "1-0"]
[ECO "B37"]
[WhiteElo "2625"]
[BlackElo "2428"]
[Annotator "RC"]
[PlyCount "83"]
[EventDate "2019.10.10"]
[EventType "swiss"]
[EventCountry "GBR"]
[SourceTitle "playchess.com"]
[Source "ChessBase"]
[SourceQuality "1"]
[TimeControl "40/6000+30:20/3000+30:900+30"]

1. Nf3 c5 2. c4 Nf6 3. Nc3 Nc6 4. d4 cxd4 5. Nxd4 g6 6. Nc2 Bg7 7. e4 d6 8. Be2 O-O 9. O-O Nd7 10. Bd2 Nc5 11. b4 Bxc3 12. Bxc3 Nxe4 13. Bb2 Be6 14. Qc1 f5 15. Qe3 Bf7 16. f3 Nf6 17. Rfd1 Qc7 18. Rac1 b6 19. a3 Rac8 20. Qg5 Be6 21. Ne3 Ne5 22. Qf4 Nh5 23. Qd4 f4 24. Nd5 Qb7 25. c5 bxc5 26. bxc5 Qxd5 27. Qxd5 Bxd5 28. Rxd5 Nf7 29. c6 Rc7 30. Ra5 e5 31. Ra6 Rfc8 32. Bb5 Nd8 33. a4 Ng7 34. Ba3 Nf5 35. Bb4 Nd4 36. Bxd6 Rxc6 37. Bxc6 Ne2+ 38. Kf1 Nxc1 39. Bd5+ Kg7 40. Bxe5+ Kf8 41. Rxa7 Nc6 42. Bg7+ 1-0

[Event "FIDE Chesscom Grand Swiss 2019"]
[Site "Douglas-Isle of Man"]
[Date "2019.10.12"]
[Round "3.33"]
[White "Rakhmanov, Aleksandr"]
[Black "Zatonskih, Anna"]
[Result "1-0"]
[ECO "E18"]
[WhiteElo "2621"]
[BlackElo "2422"]
[Annotator "RC"]
[PlyCount "105"]
[EventDate "2019.10.10"]
[EventType "swiss"]
[EventCountry "GBR"]
[SourceTitle "playchess.com"]
[Source "ChessBase"]
[SourceQuality "1"]
[TimeControl "40/6000+30:20/3000+30:900+30"]

1. d4 d5 2. c4 e6 3. Nc3 Nf6 4. Nf3 Be7 5. g3 O-O 6. Bg2 b6 7. cxd5 exd5 8. Ne5 Bb7 9. O-O c6 10. e4 dxe4 11. Nxe4 Nd5 12. Nc3 Nxc3 13. bxc3 Qc7 14. Re1 Nd7 15. Nxc6 Bxc6 16. d5 Bxd5 17. Bf4 Qc5 18. Qxd5 Rad8 19. Rad1 Nf6 20. Qxc5 Bxc5 21. h3 h6 22. g4 Rxd1 23. Rxd1 Re8 24. Kf1 g5 25. Bc1 Ne4 26. Re1 Nd6 27. Rxe8+ Nxe8 28. f4 f6 29. Ke2 Kf7 30. Bd2 Nd6 31. Bd5+ Ke7 32. c4 Bd4 33. Kf3 Bg1 34. Kg3 Kf8 35. h4 gxh4+ 36. Kxh4 f5 37. g5 hxg5+ 38. fxg5 Ne4 39. Bf4 Kg7 40. Kh5 Bd4 41. Be6 Nc3 42. a3 Nb1 43. Bd6 Bb2 44. a4 Nd2 45. Bb8 a5 46. Bf4 Nf3 47. Bc7 Bd4 48. Bxf5 Ne5 49. Be6 Kh7 50. c5 bxc5 51. Bxa5 Kg7 52. Bc7 Nd3 53. a5 1-0

[Event "FIDE Chesscom Grand Swiss 2019"]
[Site "Douglas-Isle of Man"]
[Date "2019.10.12"]
[Round "3.34"]
[White "Hansen, Eric"]
[Black "Solomon, Kenny"]
[Result "1-0"]
[ECO "C54"]
[WhiteElo "2611"]
[BlackElo "2382"]
[Annotator "ChessBase"]
[PlyCount "135"]
[EventDate "2019.10.10"]
[EventType "swiss"]
[EventCountry "GBR"]
[SourceTitle "playchess.com"]
[Source "ChessBase"]
[SourceQuality "1"]
[TimeControl "40/6000+30:20/3000+30:900+30"]

1. e4 e5 2. Nf3 Nc6 3. Bc4 Bc5 4. c3 Nf6 5. d3 d6 6. a4 a6 7. O-O Ba7 8. Re1 O-O 9. h3 h6 10. Nbd2 Re8 11. Nf1 Be6 12. Bxe6 Rxe6 13. Ng3 d5 14. Qc2 Qd7 15. b4 Rae8 16. Qb3 Ne7 17. Ra2 Ng6 18. Nf5 c6 19. c4 Rd8 20. Rae2 Ree8 21. c5 Bb8 22. Qc2 Nf4 23. Bxf4 exf4 24. Qb2 Nh5 25. Rd2 Kh7 26. N5d4 g6 27. e5 Re7 28. Rde2 Rde8 29. Qd2 g5 30. e6 fxe6 31. Ne5 Bxe5 32. Rxe5 Ng7 33. Qe2 Rf7 34. h4 gxh4 35. Qg4 Qd8 36. Nf3 Rg8 37. Qh3 Qf6 38. d4 Re8 39. Nxh4 Rfe7 40. b5 axb5 41. axb5 Kg8 42. Kh2 Ra8 43. Qg4 Kh7 44. bxc6 bxc6 45. Rb1 Rg8 46. Qh3 Rf7 47. Rbe1 Re8 48. Nf3 Kg8 49. Qg4 Kh7 50. Qh3 Kg8 51. Qg4 Kh7 52. Kg1 Rb7 53. Nh4 Rb4 54. Nf3 Rb7 55. R5e2 Rg8 56. Qh3 Re8 57. Ne5 Rc7 58. Ng4 Qg6 59. Ne5 Qf5 60. Qf3 Rb8 61. Nd3 Rf7 62. Ne5 Rc7 63. Qc3 Nh5 64. Nf3 Rg7 65. Rxe6 Nf6 66. Nh4 Qg5 67. Qh3 Ne4 68. Nf3 1-0